 Dungeon Crawl Stone Soup version 0.32-a0-871-ge202e49faa (webtiles) character file.

Game seed: 3633045315084523732

799 jestert79 the Skirmisher (level 7, 0/45 HPs)
             Began as a Coglin Hunter on Mar 30, 2024.
             Was a Priest of Hepliaklqana.
             Slain by a crocodile (13 damage)
             ... in a sewer.
             The game lasted 00:10:21 (3336 turns).

jestert79 the Skirmisher (Coglin Hunter)            Turns: 3336, Time: 00:10:21

Health: 0/45       AC:  5    Str: 12    XL:     7   Next: 90%
Magic:  7/7        EV: 11    Int:  8    God:    Hepliaklqana [***...]
Gold:   408        SH:  0    Dex: 19    Spells: 6/6 levels left

rFire   . . .        a - +2 sling {Hisae}
rCold   . . .        d - +0 sling {Johann}
rNeg    . . .        c - +0 leather armour
rPois   .            (no helmet)
rElec   .            (no cloak)
rCorr   .            n - +1 pair of gloves
SInv    .            (no boots)
Will    .....        (amulet unavailable)
Stlth   ++           (ring unavailable)
HPRegen 0.27/turn    (ring unavailable)
MPRegen 0.10/turn    (no gizmo)

%: no passive effects
@: lethally poisoned (0 -> -1), revving
A: reduced essence, off-hand wielding, slow wielding, warmup strikes, no
jewellery
a: Invent Gizmo, Renounce Religion, Recall Ancestor, Ancestor Identity,
Transference


You were in a sewer.
You worshipped Hepliaklqana.
Hepliaklqana was most pleased with you.
You visited 1 branch of the dungeon, and saw 6 of its levels.
You also visited: Sewer.

You collected 408 gold pieces.

Inventory:

Hand Weapons
 a - a +2 sling (weapon) {Hisae}
 d - a +0 sling (offhand) {Johann}
Armour
 c - a +0 leather armour (worn)
 n - a +1 pair of gloves (worn)
Wands
 k - a wand of polymorph (12)
 t - a wand of digging (5)
Scrolls
 b - a scroll of butterflies
 h - 3 scrolls of teleportation
 q - a scroll of enchant weapon {unknown}
 s - a scroll of brand weapon {unknown}
Potions
 e - 2 potions of curing
 f - a potion of lignification
 g - a potion of magic {unknown}
 i - a potion of haste {unknown}
 j - a potion of brilliance {unknown}
 l - 4 potions of enlightenment
 m - a potion of berserk rage
 o - a potion of invisibility
 p - a potion of mutation
 r - a potion of resistance {unknown}


   Skills:
 - Level 2.0 Fighting
 + Level 8.7 Ranged Weapons
 - Level 1.7 Dodging
 - Level 0.7 Stealth


You had 6 spell levels left.
You didn't know any spells.
Your spell library contained the following spells:

 Spells                   Type           Power      Damage    Failure   Level
 Sting                    Conj/Alch      0%         1d3       50%         1
 Lesser Beckoning         Tloc           0%         N/A       63%         2
 Mercury Vapours          Alch/Air       0%         N/A       63%         2
 Teleport Other           Tloc           0%         N/A       86%         3
 Maxwell's Portable Pile  Tloc           0%         2d(5-10)  99%         4
 Olgreb's Toxic Radiance  Alch           0%         N/A       99%         4


Dungeon Overview and Level Annotations

Branches:
Dungeon (6/15)             Temple (0/1) D:4           Sewer (1/1)

Altars:
Gozag
Hepliaklqana
Ru
Trog

Shops:
D:3 :

Annotations:
D:4 1 transporter, hgbash's ghost, novice GrEE


Innate Abilities, Weirdness & Mutations

Your life essence is reduced to manifest your ancestor. (-10% HP)
You can wield a second weapon in your off-hand.
It takes a long time for you to wield or remove held weapons.
Your first few attacks do less damage.
You cannot equip rings or amulets.


Message History

There are monsters nearby!
There are monsters nearby!
You shoot a sling bullet. The sling bullet hits the adder.
The adder is lightly wounded.
You shoot a sling bullet. The sling bullet hits the adder.
The adder is severely wounded.
The malarious merfolk avatar chants a haunting song.
You resist with almost no effort.
A frilled lizard comes into view.
Unknown command.
Shadowy forms rise from the deep at the malarious merfolk avatar's song!
A ball python comes into view.
The adder bites you but does no damage. The adder closely misses you.
The adder bites you.
You are poisoned.
The adder poisons you!
You shoot a sling bullet. The sling bullet hits the adder.
The adder is severely wounded.
You shoot a sling bullet.
The sling bullet barely misses the adder.
You feel sick. The adder bites you but does no damage. The crocodile bites you!
You shoot a sling bullet. The sling bullet hits the adder.
You kill the adder!
You shoot a sling bullet.
You feel sick.
The malarious merfolk avatar chants a haunting song.
You resist with almost no effort.
The crocodile hisses menacingly.
The crocodile bites you!
Peihyggu points at the crocodile and mumbles some strange words.
The crocodile resists with some effort.
Unknown command.
Unknown command.
You shoot a sling bullet.
The sling bullet closely misses the crocodile.
You shoot a sling bullet.
The sling bullet barely misses the crocodile.
You feel sick. The crocodile bites you!
You die...
Hepliaklqana delivers you to your ancestors.

##### ≈≈≈≈~ #.... ≈≈≈~~
#### #.### ≈≈≈~~. #..#
#.#≈≈ ≈≈≈~~. #..# ##≈~~#
≈≈~~~m###..# ####≈~~##
~~~~~~S~#..########≈≈≈~~..#
~~~~~~~R~l~~≈≈≈≈≈≈≈#††...##
~~~~~~~~#†@#########~...##
≈≈~~~~###..# #≈~†.††.###
≈≈≈~~ ##.## #~~###### ≈≈≈≈
#.†###..# ≈≈≈ ##†....## ≈≈
####### ≈


You could see the friendly Peihyggu the hexer, a crocodile (ally target), a
malarious merfolk avatar and a ball python.

Vanquished Creatures
  2 scorpions (D:5)
  3 bombardier beetles
  A jelly (D:5)
  An iguana (D:5)
  Natasha (D:2)
  A river rat (Sewer)
  6 adders
  3 ribbon worms
  13 orcs
  9 ball pythons
  7 endoplasms
  3 giant cockroaches
  4 goblins
  8 hobgoblins
  A jackal (D:3)
  3 kobolds
  4 quokkas
  7 bats
  6 frilled lizards
  24 rats
107 creatures vanquished.

Vanquished Creatures (collateral kills)
  An orc warrior (D:5)
  A crocodile (Sewer)
  A scorpion (D:5)
  Natasha (D:2)
  A sickly merfolk siren (Sewer)
  An orc wizard (D:5)
  A gnoll (D:3)
  An adder (D:3)
  4 orcs
  2 rats
14 creatures vanquished.

Vanquished Creatures (others)
  An ancestor (D:2)
1 creature vanquished.

Grand Total: 122 creatures vanquished

Notes
Turn   | Place    | Note
-------+----------+-------------------------------------------
     0 | D:1      | jestert79 the Coglin Hunter began the quest for the Orb.
     0 | D:1      | Reached XP level 1. HP: 16/16 MP: 1/1
   112 | D:1      | Reached skill level 4 in Ranged Weapons
   112 | D:1      | Reached XP level 2. HP: 22/22 MP: 2/2
   417 | D:1      | Found a faded altar of an unknown god.
   423 | D:1      | Reached XP level 3. HP: 27/27 MP: 3/3
   433 | D:1      | Prayed at the altar of an unknown god.
   433 | D:1      | Became a worshipper of Hepliaklqana the Forgotten
   433 | D:1      | Reached * piety under Hepliaklqana
   815 | D:2      | Identified the +6 scale mail "Ecoam" {Rampage rCorr MP-9
                  | SInv}
   848 | D:2      | Noticed Natasha
   855 | D:2      | Killed Natasha
  1148 | D:2      | Reached skill level 5 in Ranged Weapons
  1148 | D:2      | Reached XP level 4. HP: 29/29 MP: 4/4
  1210 | D:2      | Identified the +2 dagger of the Warrior {freeze, Fly rN+
                  | rCorr Str+2 Dex+4}
  1270 | D:2      | Reached ** piety under Hepliaklqana
  1271 | D:2      | Remembered your ancestor Peihyggu as a hexer
  1367 | D:2      | Noticed Natasha
  1374 | D:2      | Killed Natasha
  1382 | D:3      | Found an opulent altar of Gozag.
  1448 | D:3      | Reached XP level 5. HP: 34/34 MP: 5/5
  1484 | D:3      | Found Iruzatom's Book Shop.
  1588 | D:3      | Found a bloodstained altar of Trog.
  1590 | D:3      | Found a sacrificial altar of Ru.
  1657 | D:3      | Reached skill level 6 in Ranged Weapons
  1876 | D:4      | Noticed hgbash's ghost (novice GrEE)
  1877 | D:4      | Noticed an ogre
  1880 | D:4      | Identified the +1 hand axe "Jeowkimo" {heavy, *Rage Int-2
                  | Dex+6 SInv}
  1905 | D:4      | Found a transporter.
  1922 | D:4      | Noticed an ogre
  2169 | D:4      | Found a staircase to the Ecumenical Temple.
  2230 | D:4      | Reached XP level 6. HP: 39/39 MP: 6/6
  2326 | D:5      | Entered Level 5 of the Dungeon
  2456 | D:5      | Reached *** piety under Hepliaklqana
  2523 | D:5      | Noticed an orc warrior
  2531 | D:5      | Killed an orc warrior
  2532 | D:5      | Reached skill level 7 in Ranged Weapons
  2622 | D:5      | Reached XP level 7. HP: 45/45 MP: 7/7
  3006 | D:5      | Reached skill level 8 in Ranged Weapons
  3113 | D:6      | Found a glowing drain.
  3124 | Sewer    | Entered a sewer
  3336 | Sewer    | Slain by a crocodile

Illustrated notes

Levels and vault maps discovered:
D:1:      minmay_arrival_wavy_path, layout_basic,
          shapermc_ecumenical_altar_starsandcircs
D:2:      layout_basic, uniq_natasha
D:3:      layout_rooms, mainiacjoe_overflow_boulevard, jmf_multi_god_temple,
          serial_shops, nicolae_shop_behind_doors, minmay_circle_x
D:4:      layout_basic, minmay_temple_entry_enclosed_plants,
          gammafunk_ghost_smash
D:5:      layout_gridville, kennysheep_donut
D:6:      layout_loops_ring, cheibrodos_sewer_entry_drain
Sewer:    sewer_sea

Skill      XL: |  1  2  3  4  5  6  7 |
---------------+----------------------+-----
Ranged Weapons | 4 5 6 7 8 |  8.7
Fighting       | |  2.0
Dodging        | |  1.7
Stealth        | |  0.7

Action                     |  1- 3 |  4- 6 |  7- 9 || total
---------------------------+-------+-------+-------++-------
   Fire: Sling             |   116 |   262 |   152 ||   530
 Invoke: Ancestor Life: He |       |     1 |       ||     1
         Recall Ancestor   |       |     1 |     1 ||     2
    Use: Scroll            |       |    10 |     1 ||    11
 Armour: Leather armour    |     5 |    12 |    14 ||    31
  Dodge: Dodged            |     9 |     6 |     5 ||    20

Table legend: (Time is in decaauts)
 A = Elapsed time spent in this place.
 B = Non-inter-level travel time spent in this place.
 C = Inter-level travel time spent in this place.
 D = Time resting spent in this place.
 E = Time spent auto-exploring this place.
 F = Levels seen in this place.
 G = Mean time per level.
                   A        B        C        D        E       F      G
               +--------+--------+--------+--------+--------+-----+--------+
         Total |   3414 |   3239 |    175 |    149 |   2341 |   7 |  487.7 |
       Dungeon |   3177 |   3002 |    175 |    149 |   2273 |   6 |  529.5 |
         Sewer |    236 |    236 |      0 |      0 |     68 |   1 |  236.0 |
               +--------+--------+--------+--------+--------+-----+--------+

Top non-repeatable levels by time:
     D:2: 914 daAuts
     D:5: 773 daAuts
     D:1: 498 daAuts
     D:3: 487 daAuts
     D:4: 472 daAuts
   Sewer: 236 daAuts
     D:6: 31 daAuts
